2786 views
Uploaded 2020-02-08 19:10:36
Game version 1.32 / 1.32.1
34:35 long 4on4 ladder game on (8)Sanctuary_LV
Saved by BEARAND
2786 views
Uploaded 2020-02-08 19:10:36
Game version 1.32 / 1.32.1
34:35 long 4on4 ladder game on (8)Sanctuary_LV


173 units @ 27.9k
/ 4.7k
87 buildings @ 13.6k
/ 5.5k



| Rod of Necromancy | 1 | 150 |
| Orb of Corruption | 2 | 750 |
| Potion of Healing | 1 | 150 |
| Scroll of Healing | 2 | 500 |
| Scroll of Town Portal | 1 | 350 |
| Potion of Lesser Invulnerability | 2 | 300 |
| total: | 9 | 2200g |
| Acolyte | 8 | 600 | / | 0 |
| Ghoul | 1 | 120 | / | 0 |
| Crypt Fiend | 8 | 1720 | / | 320 |
| Obsidian Statue | 2 | 400 | / | 70 |
| Abomination | 2 | 480 | / | 140 |
| Frost Wyrm | 7 | 2695 | / | 840 |
| Goblin Shredder | 1 | 375 | / | 100 |
| total: | 29 | 6390g | / | 1470w |
| Spirit Tower | 3 | 435 | / | 120 |
| Nerubian Tower | 1 | 100 | / | 20 |
| Graveyard | 1 | 215 | / | 0 |
| Crypt | 1 | 200 | / | 50 |
| Altar of Darkness | 1 | 180 | / | 50 |
| Ziggurat | 11 | 1650 | / | 550 |
| Tomb of Relics | 1 | 130 | / | 30 |
| Necropolis | 1 | 225 | / | 0 |
| Slaughterhouse | 1 | 140 | / | 135 |
| Sacrificial Pit | 1 | 75 | / | 150 |
| Boneyard | 4 | 700 | / | 800 |
| Halls of the Dead | 1 | 320 | / | 210 |
| Black Citadel | 1 | 325 | / | 230 |
| total: | 22 | 3515g | / | 1765w |
| 0:03 | Acolyte |
| 0:03 | Acolyte |
| 0:11 | Graveyard |
| 0:16 | Crypt |
| 0:41 | Altar of Darkness |
| 0:56 | Ziggurat |
| 1:17 | Ghoul |
| 1:26 | Tomb of Relics |
| 1:46 | Crypt Fiend |
| 1:59 | Ziggurat |
| 2:21 | Crypt Fiend |
| 2:43 | Rod of Necromancy |
| 2:50 | Death Coil |
| 3:02 | Crypt Fiend |
| 3:18 | Acolyte |
| 3:34 | Halls of the Dead |
| 3:54 | Unholy Aura |
| 4:33 | Necropolis |
| 5:35 | Crypt Fiend |
| 5:38 | Death Coil |
| 5:41 | Ziggurat |
| 6:30 | Goblin Shredder |
| 6:36 | Crypt Fiend |
| 6:42 | Acolyte |
| 6:42 | Acolyte |
| 6:42 | Acolyte |
| 6:42 | Acolyte |
| 7:10 | Slaughterhouse |
| 7:56 | Black Citadel |
| 7:57 | Crypt Fiend |
| 8:09 | Ziggurat |
| 8:26 | Obsidian Statue |
| 9:16 | Unholy Aura |
| 9:39 | Frost Nova |
| 9:44 | Obsidian Statue |
| 9:48 | Sacrificial Pit |
| 9:53 | Ziggurat |
| 9:57 | Ziggurat |
| 10:21 | Web |
| 10:56 | Potion of Lesser Invulnerability |
| 11:20 | Black Arrow |
| 11:27 | Boneyard |
| 11:28 | Boneyard |
| 11:29 | Boneyard |
| 11:30 | Boneyard |
| 11:47 | Acolyte |
| 11:51 | Abomination |
| 12:24 | Frost Armor |
| 12:44 | Spirit Tower |
| 13:01 | Freezing Breath |
| 13:02 | Frost Wyrm |
| 13:35 | Frost Wyrm |
| 13:36 | Frost Wyrm |
| 13:41 | Creature Attack |
| 13:41 | Creature Carapace |
| 14:07 | Potion of Lesser Invulnerability |
| 14:08 | Scroll of Healing |
| 14:53 | Ziggurat |
| 14:55 | Ziggurat |
| 16:21 | Frost Wyrm |
| 16:24 | Crypt Fiend |
| 16:45 | Life Drain |
| 17:26 | Orb of Corruption |
| 17:30 | Orb of Corruption |
| 17:31 | Scroll of Healing |
| 18:49 | Death Coil |
| 19:37 | Frost Nova |
| 19:53 | Frost Wyrm |
| 20:55 | Black Arrow |
| 21:25 | Spirit Tower |
| 21:33 | Ziggurat |
| 21:34 | Ziggurat |
| 21:35 | Ziggurat |
| 24:14 | Frost Wyrm |
| 24:22 | Abomination |
| 24:23 | Crypt Fiend |
| 25:24 | Scroll of Town Portal |
| 25:33 | Improved Creature Attack |
| 26:00 | Spirit Tower |
| 26:06 | Nerubian Tower |
| 26:24 | Potion of Healing |
| 27:29 | Frost Armor |
| 29:33 | Frost Wyrm |
| 30:37 | Life Drain |
| Right click | 1711 |
| Select group | 1412 |
| Select | 545 |
| Build/train/purchase | 87 |
| Use ability | 81 |
| Assign group | 30 |
| Chat | 19 |
| Item give/drop | 9 |
| Misc. action | 5 |
| Remove unit | 1 |


| Rod of Necromancy | 3 | 450 |
| Orb of Corruption | 1 | 375 |
| Potion of Healing | 2 | 300 |
| Potion of Mana | 1 | 200 |
| total: | 7 | 1325g |
| Acolyte | 8 | 600 | / | 0 |
| Ghoul | 19 | 2280 | / | 0 |
| Abomination | 2 | 480 | / | 140 |
| Meat Wagon | 14 | 3220 | / | 700 |
| Frost Wyrm | 5 | 1925 | / | 600 |
| Obsidian Statue | 1 | 200 | / | 35 |
| total: | 49 | 8705g | / | 1475w |
| Nerubian Tower | 1 | 100 | / | 20 |
| Crypt | 2 | 400 | / | 100 |
| Ziggurat | 10 | 1500 | / | 500 |
| Altar of Darkness | 1 | 180 | / | 50 |
| Tomb of Relics | 1 | 130 | / | 30 |
| Graveyard | 1 | 215 | / | 0 |
| Slaughterhouse | 2 | 280 | / | 270 |
| Sacrificial Pit | 1 | 75 | / | 150 |
| Boneyard | 1 | 175 | / | 200 |
| Halls of the Dead | 1 | 320 | / | 210 |
| Black Citadel | 1 | 325 | / | 230 |
| total: | 19 | 2955g | / | 1300w |
| 0:07 | Acolyte |
| 0:09 | Acolyte |
| 0:25 | Crypt |
| 0:31 | Ziggurat |
| 0:48 | Altar of Darkness |
| 1:27 | Ghoul |
| 1:29 | Tomb of Relics |
| 1:33 | Ziggurat |
| 1:36 | Ziggurat |
| 1:42 | Ghoul |
| 1:56 | Ghoul |
| 2:02 | Nerubian Tower |
| 2:16 | Ghoul |
| 2:33 | Ghoul |
| 2:50 | Rod of Necromancy |
| 2:57 | Death Coil |
| 3:07 | Halls of the Dead |
| 3:19 | Ghoul |
| 3:58 | Ghoul |
| 4:10 | Unholy Aura |
| 4:19 | Ghoul |
| 4:22 | Ziggurat |
| 5:05 | Ghoul |
| 5:06 | Ghoul |
| 5:19 | Graveyard |
| 5:22 | Death Coil |
| 5:34 | Ghoul |
| 5:58 | Black Citadel |
| 6:02 | Rod of Necromancy |
| 6:14 | Ghoul |
| 6:26 | Crypt |
| 6:47 | Frost Nova |
| 6:49 | Unholy Strength |
| 6:59 | Ghoul |
| 7:38 | Ghoul |
| 7:39 | Ghoul |
| 7:47 | Ziggurat |
| 7:53 | Ghoul |
| 7:55 | Unholy Armor |
| 8:27 | Orb of Corruption |
| 8:39 | Ghoul |
| 8:42 | Ghoul Frenzy |
| 9:04 | Frost Armor |
| 9:17 | Slaughterhouse |
| 9:32 | Ziggurat |
| 9:34 | Ziggurat |
| 9:46 | Ghoul |
| 10:16 | Ghoul |
| 10:23 | Disease Cloud |
| 10:44 | Unholy Aura |
| 10:50 | Frost Nova |
| 10:56 | Abomination |
| 10:58 | Improved Unholy Strength |
| 10:58 | Improved Unholy Armor |
| 11:31 | Meat Wagon |
| 12:17 | Meat Wagon |
| 12:19 | Acolyte |
| 12:19 | Acolyte |
| 12:19 | Acolyte |
| 12:41 | Ziggurat |
| 13:50 | Meat Wagon |
| 13:50 | Meat Wagon |
| 14:01 | Slaughterhouse |
| 14:03 | Advanced Unholy Strength |
| 14:46 | Meat Wagon |
| 14:46 | Meat Wagon |
| 16:37 | Meat Wagon |
| 16:56 | Sacrificial Pit |
| 17:01 | Acolyte |
| 17:02 | Acolyte |
| 17:04 | Acolyte |
| 17:11 | Advanced Unholy Armor |
| 18:22 | Abomination |
| 18:50 | Boneyard |
| 19:36 | Dark Ritual |
| 20:07 | Creature Attack |
| 20:07 | Creature Carapace |
| 20:21 | Meat Wagon |
| 20:22 | Meat Wagon |
| 20:27 | Potion of Healing |
| 20:56 | Freezing Breath |
| 21:40 | Frost Wyrm |
| 21:43 | Meat Wagon |
| 22:05 | Death Coil |
| 22:33 | Meat Wagon |
| 23:14 | Meat Wagon |
| 23:14 | Meat Wagon |
| 24:37 | Frost Wyrm |
| 24:38 | Meat Wagon |
| 24:41 | Improved Creature Attack |
| 24:47 | Ziggurat |
| 24:49 | Ziggurat |
| 25:03 | Cannibalize |
| 25:25 | Obsidian Statue |
| 25:42 | Rod of Necromancy |
| 25:42 | Potion of Healing |
| 26:05 | Potion of Mana |
| 27:38 | Frost Wyrm |
| 28:41 | Frost Wyrm |
| 32:41 | Frost Wyrm |
| Right click | 2117 |
| Select group | 935 |
| Select | 798 |
| Assign group | 143 |
| Build/train/purchase | 105 |
| Use ability | 70 |
| Misc. action | 18 |
| Resource trade | 17 |
| Chat | 11 |
| Remove unit | 5 |
| Minimap ping | 4 |
| Item give/drop | 3 |


| Rod of Necromancy | 1 | 150 |
| Orb of Corruption | 2 | 750 |
| Scroll of Town Portal | 2 | 700 |
| Scroll of Healing | 2 | 500 |
| Potion of Lesser Invulnerability | 1 | 150 |
| total: | 8 | 2250g |
| Acolyte | 28 | 2100 | / | 0 |
| Ghoul | 10 | 1200 | / | 0 |
| Gargoyle | 9 | 1575 | / | 270 |
| Frost Wyrm | 12 | 4620 | / | 1440 |
| total: | 59 | 9495g | / | 1710w |
| Spirit Tower | 6 | 870 | / | 240 |
| Nerubian Tower | 1 | 100 | / | 20 |
| Altar of Darkness | 1 | 180 | / | 50 |
| Crypt | 4 | 800 | / | 200 |
| Ziggurat | 19 | 2850 | / | 950 |
| Tomb of Relics | 1 | 130 | / | 30 |
| Necropolis | 3 | 675 | / | 0 |
| Graveyard | 1 | 215 | / | 0 |
| Sacrificial Pit | 1 | 75 | / | 150 |
| Temple of the Damned | 1 | 155 | / | 140 |
| Boneyard | 2 | 350 | / | 400 |
| Halls of the Dead | 1 | 320 | / | 210 |
| Black Citadel | 1 | 325 | / | 230 |
| total: | 33 | 5430g | / | 1920w |
| 0:05 | Acolyte |
| 0:12 | Altar of Darkness |
| 0:14 | Crypt |
| 0:26 | Ziggurat |
| 0:35 | Acolyte |
| 0:57 | Acolyte |
| 1:03 | Tomb of Relics |
| 1:16 | Ghoul |
| 1:38 | Ghoul |
| 1:40 | Ziggurat |
| 1:59 | Ghoul |
| 2:17 | Rod of Necromancy |
| 2:21 | Ghoul |
| 2:32 | Frost Nova |
| 2:34 | Ghoul |
| 2:58 | Acolyte |
| 3:01 | Ghoul |
| 3:13 | Ghoul |
| 3:37 | Acolyte |
| 3:37 | Acolyte |
| 3:44 | Dark Ritual |
| 4:27 | Ghoul |
| 4:29 | Acolyte |
| 4:29 | Acolyte |
| 4:36 | Necropolis |
| 4:43 | Frost Nova |
| 4:47 | Halls of the Dead |
| 5:19 | Ghoul |
| 5:22 | Graveyard |
| 5:27 | Ziggurat |
| 6:03 | Ziggurat |
| 6:04 | Ziggurat |
| 6:04 | Ziggurat |
| 6:50 | Ghoul |
| 6:54 | Creature Attack |
| 6:59 | Spirit Tower |
| 6:59 | Acolyte |
| 7:00 | Nerubian Tower |
| 7:06 | Acolyte |
| 7:28 | Sacrificial Pit |
| 7:34 | Creature Carapace |
| 8:07 | Black Citadel |
| 8:12 | Acolyte |
| 8:12 | Acolyte |
| 8:37 | Death Coil |
| 8:44 | Gargoyle |
| 8:47 | Crypt |
| 8:50 | Crypt |
| 8:52 | Improved Creature Attack |
| 8:54 | Crypt |
| 9:33 | Acolyte |
| 9:33 | Acolyte |
| 10:03 | Gargoyle |
| 10:07 | Improved Creature Carapace |
| 10:26 | Gargoyle |
| 10:29 | Boneyard |
| 10:34 | Boneyard |
| 11:54 | Gargoyle |
| 11:55 | Frost Wyrm |
| 12:24 | Acolyte |
| 12:25 | Acolyte |
| 12:31 | Frost Wyrm |
| 12:52 | Dark Ritual |
| 13:16 | Unholy Aura |
| 13:33 | Gargoyle |
| 13:39 | Advanced Creature Attack |
| 14:22 | Freezing Breath |
| 15:51 | Frost Wyrm |
| 16:04 | Scroll of Town Portal |
| 16:04 | Potion of Lesser Invulnerability |
| 16:04 | Scroll of Healing |
| 16:14 | Spirit Tower |
| 16:14 | Acolyte |
| 16:44 | Acolyte |
| 16:44 | Acolyte |
| 16:54 | Advanced Creature Carapace |
| 16:58 | Necropolis |
| 17:27 | Death Coil |
| 18:30 | Gargoyle |
| 18:40 | Acolyte |
| 18:40 | Acolyte |
| 19:01 | Acolyte |
| 19:01 | Acolyte |
| 19:04 | Gargoyle |
| 19:30 | Acolyte |
| 19:31 | Acolyte |
| 19:31 | Acolyte |
| 20:34 | Frost Wyrm |
| 20:45 | Gargoyle |
| 20:51 | Ziggurat |
| 20:52 | Ziggurat |
| 20:55 | Ziggurat |
| 20:59 | Ziggurat |
| 21:08 | Gargoyle |
| 21:13 | Ziggurat |
| 21:14 | Ziggurat |
| 21:25 | Ziggurat |
| 21:27 | Ziggurat |
| 21:29 | Ziggurat |
| 21:29 | Ziggurat |
| 22:21 | Frost Wyrm |
| 22:58 | Frost Wyrm |
| 23:06 | Frost Nova |
| 23:42 | Frost Wyrm |
| 24:30 | Necropolis |
| 24:43 | Frost Wyrm |
| 24:46 | Temple of the Damned |
| 25:07 | Spirit Tower |
| 25:08 | Ziggurat |
| 25:09 | Ziggurat |
| 25:10 | Ziggurat |
| 25:14 | Spirit Tower |
| 25:17 | Spirit Tower |
| 25:40 | Frost Wyrm |
| 25:53 | Orb of Corruption |
| 25:54 | Scroll of Town Portal |
| 25:54 | Scroll of Healing |
| 26:05 | Spirit Tower |
| 26:09 | Acolyte |
| 26:12 | Acolyte |
| 26:59 | Frost Wyrm |
| 27:07 | Unholy Aura |
| 27:40 | Frost Wyrm |
| 28:11 | Frost Wyrm |
| 30:53 | Orb of Corruption |
| Select group | 2369 |
| Right click | 1098 |
| Select | 559 |
| Build/train/purchase | 106 |
| Chat | 83 |
| Use ability | 82 |
| Assign group | 46 |
| Resource trade | 13 |
| Minimap ping | 12 |
| Item give/drop | 8 |
| Esc | 6 |
| Misc. action | 2 |
| Remove unit | 2 |


| Potion of Mana | 2 | 400 |
| Ivory Tower | 4 | 160 |
| Scroll of Town Portal | 1 | 350 |
| total: | 7 | 910g |
| Peasant | 26 | 1950 | / | 0 |
| Footman | 10 | 1350 | / | 0 |
| total: | 36 | 3300g | / | 0w |
| Arcane Tower | 1 | 70 | / | 50 |
| Farm | 7 | 560 | / | 140 |
| Lumber Mill | 1 | 120 | / | 0 |
| Barracks | 1 | 160 | / | 60 |
| Blacksmith | 1 | 140 | / | 60 |
| Arcane Vault | 1 | 130 | / | 30 |
| Altar of Kings | 1 | 180 | / | 50 |
| Town Hall | 1 | 385 | / | 205 |
| Keep | 1 | 320 | / | 210 |
| total: | 13 | 1675g | / | 545w |
| 0:06 | Peasant |
| 0:06 | Peasant |
| 0:06 | Peasant |
| 0:06 | Peasant |
| 0:06 | Peasant |
| 0:07 | Peasant |
| 0:24 | Farm |
| 0:33 | Peasant |
| 0:33 | Peasant |
| 1:04 | Farm |
| 1:28 | Lumber Mill |
| 1:42 | Barracks |
| 2:28 | Footman |
| 2:28 | Footman |
| 2:28 | Footman |
| 2:28 | Footman |
| 2:29 | Footman |
| 2:40 | Blacksmith |
| 4:03 | Peasant |
| 4:03 | Peasant |
| 4:03 | Peasant |
| 5:16 | Peasant |
| 5:16 | Peasant |
| 5:38 | Peasant |
| 5:39 | Peasant |
| 5:39 | Peasant |
| 5:57 | Peasant |
| 5:57 | Peasant |
| 6:09 | Arcane Vault |
| 6:36 | Keep |
| 6:43 | Improved Masonry |
| 6:50 | Iron Forged Swords |
| 7:01 | Iron Plating |
| 8:06 | Footman |
| 8:07 | Footman |
| 8:07 | Footman |
| 8:09 | Footman |
| 8:09 | Footman |
| 8:58 | Peasant |
| 8:58 | Peasant |
| 8:58 | Peasant |
| 8:59 | Peasant |
| 8:59 | Peasant |
| 9:05 | Peasant |
| 9:05 | Peasant |
| 9:27 | Improved Lumber Harvesting |
| 10:01 | Advanced Masonry |
| 11:01 | Altar of Kings |
| 12:21 | Farm |
| 12:24 | Farm |
| 12:29 | Farm |
| 12:34 | Farm |
| 13:11 | Farm |
| 14:44 | Thunder Clap |
| 16:46 | Peasant |
| 17:25 | Holy Light |
| 17:33 | Potion of Mana |
| 17:37 | Potion of Mana |
| 17:48 | Ivory Tower |
| 17:57 | Scroll of Town Portal |
| 17:58 | Ivory Tower |
| 19:07 | Arcane Tower |
| 19:12 | Ivory Tower |
| 19:12 | Ivory Tower |
| 19:57 | Town Hall |
| Right click | 236 |
| Select | 169 |
| Build/train/purchase | 57 |
| Use ability | 8 |
| Remove unit | 6 |
| Esc | 6 |
138 units @ 14.5k
/ 1.6k
397 buildings @ 27.1k
/ 15.6k



| Staff of Teleportation | 3 | 450 |
| Boots of Speed | 3 | 750 |
| Periapt of Vitality | 3 | 975 |
| Circlet of Nobility | 1 | 175 |
| Staff of Sanctuary | 3 | 750 |
| total: | 13 | 3100g |
| Wisp | 35 | 2100 | / | 0 |
| total: | 35 | 2100g | / | 0w |
| Altar of Elders | 1 | 180 | / | 50 |
| Moon Well | 13 | 2340 | / | 520 |
| Tree of Life | 4 | 1360 | / | 740 |
| Hunter's Hall | 1 | 210 | / | 100 |
| Tree of Ages | 1 | 320 | / | 180 |
| Tree of Eternity | 1 | 330 | / | 200 |
| total: | 19 | 4090g | / | 1410w |
| 0:01 | Wisp |
| 0:07 | Altar of Elders |
| 0:12 | Wisp |
| 0:17 | Moon Well |
| 0:20 | Wisp |
| 0:27 | Wisp |
| 0:43 | Moon Well |
| 0:44 | Wisp |
| 0:56 | Wisp |
| 1:05 | Wisp |
| 1:22 | Wisp |
| 1:27 | Wisp |
| 1:47 | Wisp |
| 2:04 | Wisp |
| 2:07 | Force of Nature |
| 2:23 | Wisp |
| 2:38 | Wisp |
| 3:11 | Tree of Ages |
| 4:14 | Staff of Teleportation |
| 4:15 | Boots of Speed |
| 5:23 | Entangling Roots |
| 5:40 | Wisp |
| 5:40 | Wisp |
| 5:51 | Wisp |
| 6:09 | Frost Arrows |
| 6:21 | Staff of Teleportation |
| 6:21 | Boots of Speed |
| 6:55 | Tree of Eternity |
| 7:04 | Moon Well |
| 7:37 | Tree of Life |
| 8:18 | Moon Well |
| 8:37 | Tree of Life |
| 9:19 | Hunter's Hall |
| 9:24 | Forked Lightning |
| 9:39 | Soul Burn |
| 10:06 | Boots of Speed |
| 10:43 | Entangling Roots |
| 10:57 | Well Spring |
| 11:00 | Wisp |
| 11:00 | Wisp |
| 11:00 | Wisp |
| 11:04 | Moon Well |
| 11:06 | Moon Well |
| 11:22 | Wisp |
| 11:22 | Wisp |
| 11:23 | Wisp |
| 11:29 | Staff of Teleportation |
| 11:47 | Moon Well |
| 12:07 | Wisp |
| 12:09 | Wisp |
| 12:09 | Wisp |
| 12:09 | Wisp |
| 12:09 | Wisp |
| 12:14 | Moon Well |
| 12:34 | Staff of Sanctuary |
| 12:42 | Moon Well |
| 12:49 | Moon Well |
| 13:23 | Moon Well |
| 14:04 | Incinerate |
| 14:31 | Ultravision |
| 14:38 | Staff of Sanctuary |
| 14:52 | Staff of Sanctuary |
| 16:13 | Frost Arrows |
| 16:21 | Periapt of Vitality |
| 16:47 | Tree of Life |
| 16:55 | Wisp |
| 16:56 | Wisp |
| 16:56 | Wisp |
| 17:06 | Circlet of Nobility |
| 17:16 | Periapt of Vitality |
| 18:53 | Wisp |
| 18:54 | Wisp |
| 18:54 | Wisp |
| 18:55 | Wisp |
| 18:55 | Wisp |
| 20:42 | Moon Well |
| 20:48 | Moon Well |
| 21:04 | Periapt of Vitality |
| 21:29 | Thorns Aura |
| 23:23 | Soul Burn |
| 23:47 | Forked Lightning |
| 26:31 | Entangling Roots |
| 27:36 | Incinerate |
| 30:34 | Tree of Life |
| 31:09 | Frost Arrows |
| 33:31 | Tornado |
| Right click | 2506 |
| Select | 1133 |
| Select group | 949 |
| Resource trade | 150 |
| Use ability | 118 |
| Build/train/purchase | 80 |
| Chat | 70 |
| Assign group | 69 |
| Minimap ping | 12 |
| Item give/drop | 2 |
| Remove unit | 2 |
| Misc. action | 1 |



| Scroll of Regeneration | 3 | 300 |
| Orb of Fire | 3 | 975 |
| Staff of Sanctuary | 3 | 750 |
| Lesser Clarity Potion | 1 | 70 |
| Potion of Healing | 1 | 150 |
| Potion of Mana | 1 | 200 |
| Boots of Speed | 3 | 750 |
| Staff of Teleportation | 3 | 450 |
| Circlet of Nobility | 1 | 175 |
| Healing Salve | 2 | 200 |
| total: | 21 | 4020g |
| Peasant | 22 | 1650 | / | 0 |
| Priest | 2 | 270 | / | 20 |
| Goblin Zeppelin | 2 | 480 | / | 120 |
| total: | 26 | 2400g | / | 140w |
| Scout Tower | 112 | 3360 | / | 2240 |
| Arcane Tower | 9 | 630 | / | 450 |
| Guard Tower | 44 | 3080 | / | 2200 |
| Altar of Kings | 1 | 180 | / | 50 |
| Lumber Mill | 2 | 240 | / | 0 |
| Farm | 4 | 320 | / | 80 |
| Town Hall | 1 | 385 | / | 205 |
| Arcane Vault | 4 | 520 | / | 120 |
| Arcane Sanctum | 1 | 150 | / | 140 |
| Keep | 1 | 320 | / | 210 |
| Castle | 1 | 360 | / | 210 |
| total: | 125 | 5155g | / | 2835w |
| 0:01 | Peasant |
| 0:03 | Altar of Kings |
| 0:08 | Peasant |
| 0:18 | Lumber Mill |
| 0:21 | Lumber Mill |
| 0:24 | Farm |
| 0:25 | Peasant |
| 0:33 | Peasant |
| 0:49 | Peasant |
| 0:53 | Farm |
| 1:10 | Scout Tower |
| 1:11 | Peasant |
| 1:19 | Scout Tower |
| 1:23 | Peasant |
| 1:26 | Scout Tower |
| 1:39 | Peasant |
| 1:41 | Improved Masonry |
| 1:47 | Arcane Tower |
| 1:49 | Peasant |
| 1:56 | Scout Tower |
| 1:59 | Arcane Tower |
| 2:01 | Scout Tower |
| 2:02 | Peasant |
| 2:04 | Blizzard |
| 2:13 | Arcane Tower |
| 2:14 | Peasant |
| 2:22 | Peasant |
| 2:29 | Scout Tower |
| 2:30 | Guard Tower |
| 2:32 | Guard Tower |
| 2:33 | Scout Tower |
| 2:35 | Peasant |
| 2:43 | Scout Tower |
| 3:10 | Brilliance Aura |
| 3:13 | Peasant |
| 3:15 | Guard Tower |
| 3:16 | Scout Tower |
| 3:18 | Scout Tower |
| 3:38 | Town Hall |
| 3:41 | Scout Tower |
| 3:42 | Scout Tower |
| 3:42 | Scout Tower |
| 3:51 | Guard Tower |
| 3:52 | Scout Tower |
| 3:52 | Scout Tower |
| 3:56 | Scout Tower |
| 4:14 | Boots of Speed |
| 4:15 | Staff of Teleportation |
| 4:30 | Keep |
| 4:37 | Arcane Tower |
| 4:45 | Healing Salve |
| 4:50 | Guard Tower |
| 4:51 | Scout Tower |
| 4:52 | Guard Tower |
| 4:54 | Scout Tower |
| 4:55 | Scout Tower |
| 4:56 | Scout Tower |
| 4:58 | Guard Tower |
| 5:02 | Scout Tower |
| 5:02 | Scout Tower |
| 5:10 | Guard Tower |
| 5:15 | Farm |
| 5:31 | Guard Tower |
| 5:32 | Scout Tower |
| 5:55 | Scout Tower |
| 6:00 | Guard Tower |
| 6:02 | Scout Tower |
| 6:03 | Scout Tower |
| 6:29 | Guard Tower |
| 6:30 | Scout Tower |
| 6:32 | Guard Tower |
| 6:34 | Scout Tower |
| 6:35 | Peasant |
| 6:35 | Peasant |
| 6:42 | Arcane Vault |
| 6:43 | Blizzard |
| 7:01 | Healing Salve |
| 7:10 | Advanced Masonry |
| 7:11 | Guard Tower |
| 7:16 | Guard Tower |
| 7:17 | Scout Tower |
| 7:19 | Scout Tower |
| 7:24 | Guard Tower |
| 7:25 | Scout Tower |
| 7:26 | Scout Tower |
| 7:29 | Arcane Tower |
| 7:48 | Castle |
| 7:54 | Scout Tower |
| 7:54 | Scout Tower |
| 7:55 | Scout Tower |
| 7:55 | Scout Tower |
| 7:56 | Scout Tower |
| 7:56 | Scout Tower |
| 8:04 | Storm Bolt |
| 8:36 | Scroll of Regeneration |
| 8:40 | Guard Tower |
| 8:42 | Arcane Vault |
| 8:43 | Scout Tower |
| 8:44 | Scout Tower |
| 8:44 | Peasant |
| 8:50 | Guard Tower |
| 8:52 | Arcane Vault |
| 8:53 | Scout Tower |
| 8:54 | Scout Tower |
| 8:55 | Scout Tower |
| 8:56 | Scout Tower |
| 9:00 | Arcane Tower |
| 9:02 | Scout Tower |
| 9:04 | Scout Tower |
| 9:07 | Scout Tower |
| 9:07 | Scout Tower |
| 9:10 | Scout Tower |
| 9:18 | Guard Tower |
| 9:22 | Peasant |
| 9:22 | Peasant |
| 9:26 | Brilliance Aura |
| 9:35 | Guard Tower |
| 9:37 | Improved Lumber Harvesting |
| 9:46 | Boots of Speed |
| 9:47 | Staff of Teleportation |
| 10:08 | Guard Tower |
| 10:13 | Scout Tower |
| 10:20 | Arcane Sanctum |
| 10:45 | Peasant |
| 11:00 | Guard Tower |
| 11:01 | Scout Tower |
| 11:02 | Scout Tower |
| 11:06 | Guard Tower |
| 11:07 | Scout Tower |
| 11:07 | Scout Tower |
| 11:28 | Imbued Masonry |
| 11:35 | Magic Sentry |
| 11:36 | Guard Tower |
| 11:38 | Guard Tower |
| 11:40 | Holy Light |
| 11:42 | Orb of Fire |
| 11:42 | Staff of Sanctuary |
| 11:50 | Bash |
| 12:06 | Guard Tower |
| 12:08 | Scout Tower |
| 12:09 | Scout Tower |
| 12:13 | Scout Tower |
| 12:14 | Scout Tower |
| 12:24 | Boots of Speed |
| 12:24 | Circlet of Nobility |
| 12:42 | Guard Tower |
| 12:47 | Scout Tower |
| 12:47 | Scout Tower |
| 12:59 | Guard Tower |
| 13:00 | Scout Tower |
| 13:01 | Scout Tower |
| 13:02 | Scout Tower |
| 13:40 | Scout Tower |
| 13:42 | Arcane Tower |
| 13:46 | Priest Adept Training |
| 13:46 | Priest |
| 13:48 | Guard Tower |
| 13:49 | Guard Tower |
| 13:52 | Scout Tower |
| 13:53 | Scout Tower |
| 13:54 | Scout Tower |
| 13:55 | Scout Tower |
| 13:59 | Peasant |
| 14:00 | Peasant |
| 14:04 | Guard Tower |
| 14:14 | Guard Tower |
| 14:16 | Staff of Sanctuary |
| 14:32 | Orb of Fire |
| 14:37 | Guard Tower |
| 14:58 | Scout Tower |
| 14:59 | Scout Tower |
| 15:03 | Scout Tower |
| 15:04 | Scout Tower |
| 15:07 | Scout Tower |
| 15:08 | Scout Tower |
| 15:10 | Arcane Vault |
| 15:11 | Scout Tower |
| 15:13 | Scout Tower |
| 15:14 | Scout Tower |
| 15:19 | Staff of Teleportation |
| 15:28 | Scout Tower |
| 15:29 | Scout Tower |
| 15:33 | Guard Tower |
| 15:50 | Goblin Zeppelin |
| 16:40 | Guard Tower |
| 16:42 | Scout Tower |
| 16:51 | Scout Tower |
| 16:52 | Scout Tower |
| 16:52 | Scout Tower |
| 16:54 | Scout Tower |
| 16:54 | Scout Tower |
| 16:55 | Scout Tower |
| 16:55 | Scout Tower |
| 17:01 | Scout Tower |
| 17:01 | Scout Tower |
| 17:02 | Scout Tower |
| 17:02 | Scout Tower |
| 17:03 | Scout Tower |
| 17:05 | Arcane Tower |
| 17:05 | Guard Tower |
| 17:10 | Guard Tower |
| 17:11 | Scout Tower |
| 17:15 | Farm |
| 17:23 | Staff of Sanctuary |
| 17:32 | Orb of Fire |
| 17:41 | Guard Tower |
| 17:42 | Scout Tower |
| 17:43 | Scout Tower |
| 17:44 | Scout Tower |
| 17:45 | Scout Tower |
| 17:46 | Scout Tower |
| 17:47 | Scout Tower |
| 17:47 | Scout Tower |
| 17:48 | Scout Tower |
| 17:50 | Guard Tower |
| 17:52 | Scout Tower |
| 17:52 | Scout Tower |
| 17:53 | Scout Tower |
| 18:06 | Arcane Tower |
| 18:07 | Guard Tower |
| 18:41 | Guard Tower |
| 18:43 | Guard Tower |
| 18:59 | Priest |
| 19:48 | Divine Shield |
| 20:03 | Storm Bolt |
| 20:35 | Guard Tower |
| 20:38 | Scout Tower |
| 20:38 | Scout Tower |
| 20:39 | Scout Tower |
| 20:40 | Scout Tower |
| 20:49 | Scout Tower |
| 20:50 | Scout Tower |
| 20:51 | Scout Tower |
| 20:51 | Scout Tower |
| 21:00 | Guard Tower |
| 23:20 | Scroll of Regeneration |
| 23:22 | Lesser Clarity Potion |
| 23:46 | Potion of Healing |
| 23:47 | Potion of Mana |
| 24:34 | Guard Tower |
| 25:03 | Blizzard |
| 25:07 | Scroll of Regeneration |
| 25:50 | Bash |
| 26:02 | Holy Light |
| 30:37 | Goblin Zeppelin |
| 33:13 | Divine Shield |
| 33:49 | Storm Bolt |
| 34:13 | Brilliance Aura |
| Right click | 2318 |
| Select group | 1682 |
| Select | 474 |
| Assign group | 439 |
| Use ability | 188 |
| Build/train/purchase | 179 |
| Chat | 63 |
| Misc. action | 45 |
| Resource trade | 7 |
| Item give/drop | 3 |



| Staff of Sanctuary | 3 | 750 |
| Potion of Healing | 1 | 150 |
| Boots of Speed | 3 | 750 |
| Staff of Teleportation | 4 | 600 |
| Periapt of Vitality | 2 | 650 |
| Potion of Lesser Invulnerability | 1 | 150 |
| Healing Salve | 2 | 200 |
| Orb of Lightning | 2 | 750 |
| total: | 18 | 4000g |
| Peasant | 20 | 1500 | / | 0 |
| Priest | 1 | 135 | / | 10 |
| Dragonhawk Rider | 17 | 3400 | / | 510 |
| total: | 38 | 5035g | / | 520w |
| Scout Tower | 154 | 4620 | / | 3080 |
| Arcane Tower | 5 | 350 | / | 250 |
| Guard Tower | 103 | 7210 | / | 5150 |
| Altar of Kings | 1 | 180 | / | 50 |
| Farm | 5 | 400 | / | 100 |
| Lumber Mill | 1 | 120 | / | 0 |
| Arcane Vault | 1 | 130 | / | 30 |
| Town Hall | 4 | 1540 | / | 820 |
| Blacksmith | 1 | 140 | / | 60 |
| Barracks | 1 | 160 | / | 60 |
| Arcane Sanctum | 1 | 150 | / | 140 |
| Gryphon Aviary | 1 | 140 | / | 150 |
| Keep | 1 | 320 | / | 210 |
| Castle | 2 | 720 | / | 420 |
| total: | 170 | 7580g | / | 4490w |
| 0:03 | Peasant |
| 0:03 | Peasant |
| 0:10 | Altar of Kings |
| 0:21 | Farm |
| 0:22 | Peasant |
| 0:28 | Peasant |
| 0:33 | Farm |
| 0:54 | Peasant |
| 1:02 | Scout Tower |
| 1:08 | Lumber Mill |
| 1:15 | Peasant |
| 1:17 | Peasant |
| 1:28 | Peasant |
| 1:37 | Scout Tower |
| 1:38 | Arcane Tower |
| 1:39 | Peasant |
| 1:51 | Peasant |
| 1:56 | Scout Tower |
| 2:09 | Guard Tower |
| 2:11 | Blizzard |
| 2:15 | Peasant |
| 2:27 | Peasant |
| 2:30 | Scout Tower |
| 2:31 | Scout Tower |
| 2:44 | Guard Tower |
| 3:30 | Guard Tower |
| 3:32 | Peasant |
| 3:32 | Peasant |
| 3:33 | Keep |
| 3:35 | Scout Tower |
| 3:35 | Scout Tower |
| 3:43 | Scout Tower |
| 3:44 | Scout Tower |
| 3:44 | Scout Tower |
| 3:45 | Scout Tower |
| 3:54 | Brilliance Aura |
| 4:05 | Guard Tower |
| 4:09 | Farm |
| 4:10 | Farm |
| 4:17 | Guard Tower |
| 4:22 | Improved Masonry |
| 4:33 | Guard Tower |
| 4:35 | Scout Tower |
| 4:53 | Guard Tower |
| 5:06 | Guard Tower |
| 5:07 | Scout Tower |
| 5:08 | Scout Tower |
| 5:11 | Guard Tower |
| 5:30 | Guard Tower |
| 5:31 | Scout Tower |
| 5:32 | Scout Tower |
| 5:33 | Scout Tower |
| 5:33 | Scout Tower |
| 5:50 | Healing Salve |
| 6:01 | Guard Tower |
| 6:04 | Guard Tower |
| 6:05 | Guard Tower |
| 6:08 | Scout Tower |
| 6:53 | Boots of Speed |
| 6:53 | Staff of Teleportation |
| 7:03 | Storm Bolt |
| 7:05 | Guard Tower |
| 7:05 | Guard Tower |
| 7:11 | Healing Salve |
| 7:17 | Scout Tower |
| 7:18 | Scout Tower |
| 7:18 | Scout Tower |
| 7:19 | Scout Tower |
| 7:29 | Guard Tower |
| 7:41 | Scout Tower |
| 7:59 | Scout Tower |
| 7:59 | Scout Tower |
| 8:01 | Guard Tower |
| 8:03 | Arcane Sanctum |
| 8:13 | Arcane Tower |
| 8:44 | Guard Tower |
| 9:02 | Guard Tower |
| 9:11 | Scout Tower |
| 9:11 | Scout Tower |
| 9:13 | Scout Tower |
| 9:14 | Guard Tower |
| 9:15 | Guard Tower |
| 9:15 | Guard Tower |
| 9:15 | Guard Tower |
| 9:18 | Advanced Masonry |
| 9:19 | Imbued Masonry |
| 9:38 | Guard Tower |
| 9:54 | Castle |
| 10:05 | Guard Tower |
| 10:16 | Scout Tower |
| 10:17 | Scout Tower |
| 10:18 | Scout Tower |
| 10:24 | Scout Tower |
| 10:25 | Scout Tower |
| 10:25 | Scout Tower |
| 10:30 | Gryphon Aviary |
| 11:15 | Blizzard |
| 11:18 | Guard Tower |
| 11:18 | Guard Tower |
| 11:28 | Arcane Vault |
| 11:32 | Guard Tower |
| 11:36 | Scout Tower |
| 11:36 | Scout Tower |
| 11:37 | Scout Tower |
| 11:37 | Scout Tower |
| 11:52 | Magic Sentry |
| 11:52 | Priest |
| 11:58 | Guard Tower |
| 12:02 | Scout Tower |
| 12:02 | Scout Tower |
| 12:03 | Scout Tower |
| 12:03 | Scout Tower |
| 12:05 | Scout Tower |
| 12:05 | Scout Tower |
| 12:05 | Scout Tower |
| 12:06 | Scout Tower |
| 12:15 | Staff of Teleportation |
| 12:16 | Boots of Speed |
| 12:24 | Scout Tower |
| 12:24 | Scout Tower |
| 12:26 | Scout Tower |
| 12:27 | Scout Tower |
| 12:28 | Scout Tower |
| 12:28 | Scout Tower |
| 12:29 | Scout Tower |
| 12:59 | Bash |
| 13:04 | Guard Tower |
| 13:28 | Town Hall |
| 13:33 | Scout Tower |
| 13:33 | Scout Tower |
| 13:34 | Scout Tower |
| 13:37 | Scout Tower |
| 13:38 | Scout Tower |
| 13:38 | Scout Tower |
| 13:39 | Scout Tower |
| 13:39 | Scout Tower |
| 13:40 | Scout Tower |
| 14:17 | Staff of Sanctuary |
| 14:18 | Guard Tower |
| 14:20 | Guard Tower |
| 14:23 | Holy Light |
| 14:28 | Guard Tower |
| 14:37 | Guard Tower |
| 14:38 | Peasant |
| 15:14 | Periapt of Vitality |
| 15:16 | Guard Tower |
| 15:21 | Dragonhawk Rider |
| 15:22 | Dragonhawk Rider |
| 15:24 | Blacksmith |
| 15:26 | Barracks |
| 15:45 | Guard Tower |
| 15:46 | Scout Tower |
| 15:49 | Scout Tower |
| 15:49 | Scout Tower |
| 15:50 | Scout Tower |
| 15:51 | Scout Tower |
| 15:52 | Dragonhawk Rider |
| 16:08 | Boots of Speed |
| 16:15 | Guard Tower |
| 16:24 | Arcane Tower |
| 16:25 | Arcane Tower |
| 16:25 | Guard Tower |
| 16:26 | Guard Tower |
| 16:44 | Guard Tower |
| 16:57 | Staff of Sanctuary |
| 17:03 | Guard Tower |
| 17:17 | Potion of Lesser Invulnerability |
| 17:21 | Staff of Teleportation |
| 17:21 | Staff of Teleportation |
| 17:26 | Guard Tower |
| 17:32 | Guard Tower |
| 17:34 | Town Hall |
| 17:37 | Scout Tower |
| 17:41 | Peasant |
| 17:42 | Peasant |
| 17:48 | Animal War Training |
| 17:50 | Studded Leather Armor |
| 17:55 | Farm |
| 17:56 | Dragonhawk Rider |
| 18:01 | Guard Tower |
| 18:02 | Guard Tower |
| 18:04 | Scout Tower |
| 18:23 | Guard Tower |
| 18:24 | Scout Tower |
| 18:25 | Scout Tower |
| 18:34 | Guard Tower |
| 18:35 | Scout Tower |
| 18:37 | Scout Tower |
| 18:39 | Scout Tower |
| 18:40 | Scout Tower |
| 18:40 | Scout Tower |
| 18:41 | Scout Tower |
| 18:42 | Scout Tower |
| 18:43 | Scout Tower |
| 19:02 | Guard Tower |
| 20:09 | Dragonhawk Rider |
| 20:09 | Dragonhawk Rider |
| 20:35 | Divine Shield |
| 20:43 | Reinforced Leather Armor |
| 20:46 | Staff of Sanctuary |
| 20:54 | Guard Tower |
| 21:01 | Scout Tower |
| 21:02 | Scout Tower |
| 21:03 | Scout Tower |
| 21:03 | Scout Tower |
| 21:05 | Scout Tower |
| 21:05 | Scout Tower |
| 21:06 | Scout Tower |
| 21:06 | Scout Tower |
| 21:18 | Dragonhawk Rider |
| 21:19 | Dragonhawk Rider |
| 21:19 | Dragonhawk Rider |
| 21:56 | Guard Tower |
| 23:06 | Dragonhawk Rider |
| 23:07 | Dragonhawk Rider |
| 23:14 | Potion of Healing |
| 24:08 | Guard Tower |
| 24:55 | Brilliance Aura |
| 24:56 | Storm Bolt |
| 25:03 | Scout Tower |
| 25:03 | Scout Tower |
| 25:04 | Scout Tower |
| 25:04 | Scout Tower |
| 25:09 | Dragonhide Armor |
| 25:11 | Guard Tower |
| 25:40 | Scout Tower |
| 25:41 | Scout Tower |
| 25:41 | Scout Tower |
| 25:42 | Scout Tower |
| 25:42 | Scout Tower |
| 25:43 | Scout Tower |
| 25:45 | Scout Tower |
| 25:45 | Scout Tower |
| 25:46 | Scout Tower |
| 25:47 | Scout Tower |
| 25:47 | Scout Tower |
| 25:56 | Peasant |
| 25:56 | Peasant |
| 25:58 | Guard Tower |
| 26:12 | Guard Tower |
| 26:17 | Town Hall |
| 27:07 | Guard Tower |
| 27:10 | Scout Tower |
| 27:11 | Scout Tower |
| 27:11 | Scout Tower |
| 27:12 | Scout Tower |
| 27:13 | Scout Tower |
| 27:13 | Scout Tower |
| 27:14 | Scout Tower |
| 27:15 | Scout Tower |
| 27:35 | Dragonhawk Rider |
| 27:35 | Dragonhawk Rider |
| 27:36 | Dragonhawk Rider |
| 27:36 | Dragonhawk Rider |
| 27:37 | Guard Tower |
| 28:10 | Guard Tower |
| 28:19 | Holy Light |
| 28:31 | Guard Tower |
| 28:34 | Guard Tower |
| 28:34 | Guard Tower |
| 28:35 | Guard Tower |
| 28:39 | Town Hall |
| 28:56 | Dragonhawk Rider |
| 28:57 | Dragonhawk Rider |
| 29:02 | Guard Tower |
| 29:03 | Guard Tower |
| 29:15 | Guard Tower |
| 29:41 | Guard Tower |
| 29:46 | Iron Forged Swords |
| 29:52 | Guard Tower |
| 29:54 | Scout Tower |
| 29:55 | Scout Tower |
| 29:55 | Scout Tower |
| 29:56 | Scout Tower |
| 29:57 | Scout Tower |
| 29:57 | Scout Tower |
| 29:58 | Scout Tower |
| 29:59 | Scout Tower |
| 30:05 | Guard Tower |
| 30:20 | Scout Tower |
| 30:21 | Scout Tower |
| 30:22 | Scout Tower |
| 30:22 | Scout Tower |
| 30:23 | Scout Tower |
| 30:23 | Scout Tower |
| 30:24 | Scout Tower |
| 30:25 | Scout Tower |
| 30:26 | Scout Tower |
| 30:26 | Scout Tower |
| 31:11 | Guard Tower |
| 31:12 | Guard Tower |
| 31:19 | Guard Tower |
| 31:19 | Guard Tower |
| 31:21 | Peasant |
| 32:08 | Scout Tower |
| 32:09 | Scout Tower |
| 32:09 | Scout Tower |
| 32:10 | Scout Tower |
| 32:11 | Scout Tower |
| 32:11 | Scout Tower |
| 32:12 | Scout Tower |
| 32:12 | Scout Tower |
| 32:13 | Scout Tower |
| 32:13 | Scout Tower |
| 32:14 | Scout Tower |
| 32:14 | Scout Tower |
| 32:16 | Scout Tower |
| 32:16 | Scout Tower |
| 32:17 | Scout Tower |
| 32:17 | Scout Tower |
| 32:19 | Scout Tower |
| 32:19 | Scout Tower |
| 32:20 | Scout Tower |
| 32:20 | Scout Tower |
| 32:21 | Scout Tower |
| 32:25 | Periapt of Vitality |
| 32:42 | Orb of Lightning |
| 32:44 | Orb of Lightning |
| 33:27 | Bash |
| 33:34 | Guard Tower |
| 33:36 | Guard Tower |
| 33:37 | Scout Tower |
| 33:38 | Scout Tower |
| 33:38 | Scout Tower |
| 33:39 | Scout Tower |
| 33:40 | Brilliance Aura |
| 34:23 | Divine Shield |
| Right click | 3316 |
| Select | 840 |
| Select group | 615 |
| Build/train/purchase | 315 |
| Use ability | 147 |
| Chat | 139 |
| Assign group | 22 |
| Misc. action | 10 |
| Minimap ping | 10 |
| Item give/drop | 7 |
| Remove unit | 1 |


| Healing Salve | 3 | 300 |
| Orb of Lightning | 1 | 375 |
| Scroll of Speed | 1 | 50 |
| Boots of Speed | 2 | 500 |
| Staff of Teleportation | 2 | 300 |
| Staff of Sanctuary | 2 | 500 |
| total: | 11 | 2025g |
| Peon | 17 | 1275 | / | 0 |
| Troll Batrider | 21 | 3360 | / | 840 |
| Goblin Shredder | 1 | 375 | / | 100 |
| total: | 39 | 5010g | / | 940w |
| Watch Tower | 67 | 7370 | / | 5360 |
| Altar of Storms | 1 | 180 | / | 50 |
| Orc Burrow | 3 | 480 | / | 120 |
| War Mill | 1 | 205 | / | 0 |
| Voodoo Lounge | 3 | 390 | / | 90 |
| Great Hall | 2 | 770 | / | 370 |
| Beastiary | 6 | 870 | / | 840 |
| Stronghold | 1 | 315 | / | 190 |
| Fortress | 1 | 325 | / | 190 |
| total: | 83 | 10265g | / | 6830w |
| 0:03 | Peon |
| 0:03 | Peon |
| 0:05 | Altar of Storms |
| 0:19 | Orc Burrow |
| 0:21 | Peon |
| 0:48 | Peon |
| 0:49 | War Mill |
| 0:56 | Peon |
| 1:07 | Voodoo Lounge |
| 1:19 | Peon |
| 1:29 | Peon |
| 1:41 | Orc Burrow |
| 1:46 | Peon |
| 2:01 | Peon |
| 2:07 | Watch Tower |
| 2:09 | Wind Walk |
| 2:14 | Healing Salve |
| 2:25 | Peon |
| 2:32 | Watch Tower |
| 2:40 | Peon |
| 3:06 | Peon |
| 3:06 | Peon |
| 3:19 | Watch Tower |
| 3:32 | Watch Tower |
| 3:59 | Peon |
| 4:15 | Stronghold |
| 4:18 | Watch Tower |
| 4:28 | Watch Tower |
| 4:43 | Watch Tower |
| 5:17 | Watch Tower |
| 5:37 | Watch Tower |
| 5:48 | Watch Tower |
| 5:57 | Orc Burrow |
| 6:17 | Critical Strike |
| 6:43 | Watch Tower |
| 6:45 | Peon |
| 6:45 | Peon |
| 6:45 | Peon |
| 6:54 | Watch Tower |
| 7:38 | Great Hall |
| 7:42 | Watch Tower |
| 7:43 | Watch Tower |
| 7:50 | Watch Tower |
| 7:53 | Hex |
| 7:58 | Watch Tower |
| 8:06 | Healing Salve |
| 8:16 | Reinforced Defenses |
| 8:37 | Beastiary |
| 8:40 | Beastiary |
| 8:46 | Wind Walk |
| 8:49 | Watch Tower |
| 9:03 | Watch Tower |
| 9:28 | Watch Tower |
| 9:34 | Watch Tower |
| 9:53 | Watch Tower |
| 10:18 | Goblin Shredder |
| 10:33 | Healing Wave |
| 10:37 | Watch Tower |
| 10:38 | Watch Tower |
| 10:58 | Watch Tower |
| 11:21 | Watch Tower |
| 11:24 | Fortress |
| 11:47 | Watch Tower |
| 11:52 | Watch Tower |
| 11:58 | Troll Batrider |
| 12:04 | Watch Tower |
| 12:16 | Watch Tower |
| 12:24 | Troll Batrider |
| 12:28 | Beastiary |
| 13:04 | Watch Tower |
| 13:05 | Watch Tower |
| 13:19 | Watch Tower |
| 13:27 | Watch Tower |
| 13:30 | Watch Tower |
| 13:33 | Watch Tower |
| 13:47 | Troll Batrider |
| 13:48 | Liquid Fire |
| 14:04 | Orb of Lightning |
| 14:07 | Watch Tower |
| 14:14 | Watch Tower |
| 14:38 | Watch Tower |
| 14:39 | Troll Batrider |
| 14:48 | Boots of Speed |
| 14:48 | Boots of Speed |
| 14:49 | Staff of Teleportation |
| 15:12 | Watch Tower |
| 15:18 | Watch Tower |
| 15:20 | Watch Tower |
| 15:21 | Watch Tower |
| 15:30 | Steel Ranged Weapons |
| 15:31 | Steel Armor |
| 15:44 | Watch Tower |
| 16:09 | Troll Batrider |
| 16:10 | Troll Batrider |
| 16:27 | Beastiary |
| 16:31 | Beastiary |
| 16:56 | Watch Tower |
| 16:57 | Watch Tower |
| 16:59 | Watch Tower |
| 17:01 | Watch Tower |
| 17:04 | Watch Tower |
| 17:51 | Thorium Ranged Weapons |
| 17:52 | Troll Batrider |
| 18:01 | Watch Tower |
| 18:27 | Troll Batrider |
| 18:30 | Beastiary |
| 18:37 | Critical Strike |
| 18:40 | Watch Tower |
| 18:46 | Watch Tower |
| 19:08 | Watch Tower |
| 19:39 | Healing Wave |
| 20:18 | Watch Tower |
| 20:36 | Watch Tower |
| 20:36 | Watch Tower |
| 20:37 | Watch Tower |
| 21:24 | Watch Tower |
| 22:04 | Troll Batrider |
| 22:12 | Watch Tower |
| 22:13 | Watch Tower |
| 22:33 | Voodoo Lounge |
| 22:47 | Healing Salve |
| 22:48 | Scroll of Speed |
| 23:22 | Troll Batrider |
| 23:40 | Troll Batrider |
| 24:09 | Watch Tower |
| 24:46 | Voodoo Lounge |
| 25:10 | Arcanite Ranged Weapons |
| 25:10 | Thorium Armor |
| 25:27 | Watch Tower |
| 25:28 | Watch Tower |
| 25:43 | Staff of Sanctuary |
| 26:01 | Staff of Teleportation |
| 26:44 | Troll Batrider |
| 26:45 | Troll Batrider |
| 28:09 | Hex |
| 28:16 | Wind Walk |
| 28:46 | Troll Batrider |
| 28:47 | Troll Batrider |
| 28:58 | Bladestorm |
| 29:20 | Staff of Sanctuary |
| 29:30 | Arcanite Armor |
| 29:30 | Spiked Barricades |
| 30:36 | Great Hall |
| 30:38 | Watch Tower |
| 30:38 | Watch Tower |
| 30:41 | Watch Tower |
| 30:43 | Watch Tower |
| 30:45 | Watch Tower |
| 31:53 | Troll Batrider |
| 31:54 | Troll Batrider |
| 32:18 | Troll Batrider |
| 33:27 | Troll Batrider |
| 33:28 | Troll Batrider |
| 34:01 | Troll Batrider |
| Right click | 2361 |
| Select group | 681 |
| Select | 654 |
| Use ability | 208 |
| Misc. action | 198 |
| Chat | 125 |
| Build/train/purchase | 117 |
| Assign group | 28 |
| Minimap ping | 10 |
| Item give/drop | 5 |
| Esc | 2 |